 Dungeon Crawl Stone Soup version 0.22.0-36-g8e74550 (webtiles) character file.

1442 zultag the Thaumaturge (level 8, 0/54 HPs)
             Began as a Mummy Necromancer on Aug 23, 2018.
             Killed from afar by an orc wizard (18 damage)
             ... with a puff of flame
             ... on level 7 of the Dungeon on Aug 24, 2018.
             The game lasted 02:35:31 (8728 turns).

zultag the Thaumaturge (Mummy Necromancer)          Turns: 8728, Time: 02:35:32

Health: 0/54       AC:  9    Str: 14    XL:     8   Next: 46%
Magic:  20/20      EV: 11    Int: 21    God:
Gold:   297        SH:  0    Dex: 13    Spells: 14/23 levels left

rFire    x . .     SeeInvis .   R - +0 arbalest
rCold    + . .     Gourm    .   (shield currently unavailable)
rNeg     + + +     Faith    .   G - +1 ring mail
rPois    ∞         Spirit   .   (no helmet)
rElec    .         Reflect  .   (no cloak)
rCorr    .         Harm     .   u - +0 pair of gloves
MR       +....                  p - +1 pair of boots
Stlth    +.........             (no amulet)
HPRegen  0.18/turn              y - +3 ring of strength
MPRegen  0.17/turn              X - +5 ring of intelligence

@: about to teleport
A: no food or potions, fire vulnerability, cold resistance 1, negative energy
resistance 3, torment resistance, unbreathing
a: no special abilities


You were on level 7 of the Dungeon.
You were not hungry.

You visited 1 branch of the dungeon, and saw 8 of its levels.

You collected 297 gold pieces.

Inventory:

Hand Weapons
 b - a +0 hunting sling
 c - a +0 mace
 l - a +2 dagger of venom
 z - a +1 hand axe of freezing
 B - a +0 hand axe
 D - a +0 hunting sling
 E - a cursed +0 whip
 L - a +1 trident of piercing
 M - a +0 hand crossbow
 R - a +0 arbalest (weapon)
 V - a +0 spear of venom
 Y - a +0 shortbow
 Z - a +0 great mace of venom
Missiles
 o - 8 tomahawks of returning
 r - 34 poisoned needles
 A - 30 bolts (quivered)
 O - 140 arrows
Armour
 a - a +0 plate armour
 f - a +0 buckler
 j - a +0 leather armour
 n - a +0 robe
 p - a +1 pair of boots (worn)
 q - a +0 robe
 u - a +0 pair of gloves (worn)
 F - a +0 chain mail
 G - a +1 ring mail (worn)
 N - a +1 pair of boots
 Q - a +0 pair of gloves
 T - a +0 leather armour
 U - a +0 ring mail
Jewellery
 y - a +3 ring of strength (left hand)
 I - an uncursed ring of flight
 X - a +5 ring of intelligence (right hand)
Wands
 W - a wand of enslavement (2)
Scrolls
 d - 5 scrolls of remove curse
 k - 2 scrolls of teleportation
 m - a scroll of fear {unknown}
 t - a scroll of magic mapping
 P - a scroll of blinking {unknown}
 S - 2 scrolls of identify
Potions
 e - a potion of resistance {unknown}
 g - 4 potions of curing {unknown}
 h - 2 potions of berserk rage {unknown}
 s - a potion of degeneration {unknown}
 v - a potion of haste {unknown}
 w - a potion of lignification {unknown}
 x - 2 potions of heal wounds {unknown}
 C - 2 potions of magic {unknown}
 H - 2 potions of cancellation {unknown}
 J - a potion of flight {unknown}
 K - a potion of might {unknown}
Comestibles
 i - 17 rations


   Skills:
 + Level 1.3 Fighting
 + Level 0.7 Short Blades
 + Level 0.1(0.4) Axes
 + Level 0.5 Maces & Flails
 + Level 0.3 Polearms
 + Level 2.0 Crossbows
 + Level 2.9 Armour
 + Level 2.1 Dodging
 + Level 2.0 Stealth
 + Level 8.0 Spellcasting
 + Level 7.0 Necromancy
 + Level 0.8 Evocations


You had 14 spell levels left.
You knew the following spells:

 Your Spells              Type           Power        Failure   Level  Hunger
a - Pain                  Necr           ####         1%          1    N/A
b - Animate Skeleton      Necr           N/A          1%          1    N/A
c - Animate Dead          Necr           N/A          9%          4    N/A
d - Vampiric Draining     Necr           #####.....   2%          3    N/A

Your spell library contained the following spells:

 Spells                   Type           Power        Failure   Level  Hunger
 Apportation              Tloc           #.....       16%         1    N/A
 Confusing Touch          Hex            #.....       16%         1    N/A
 Summon Small Mammal      Summ           #...         16%         1    N/A
 Regeneration             Chrm/Necr      Unusable     N/A         3    N/A

Dungeon Overview and Level Annotations

Branches:
Dungeon (8/15)
 Temple: D:4-7         Lair: D:8-11

Altars:
Dithmenos
Fedhas
Gozag
Nemelex Xobeh
Okawaru
Qazlal
Ru
Trog
Vehumet
Wu Jian
Zin
The Shining One

Shops:
D:6 (


Innate Abilities, Weirdness & Mutations

You do not eat or drink.
Your flesh is vulnerable to fire.
You are immune to poison.
Your flesh is cold resistant. (rC+)
You are immune to negative energy. (rN+++)
You are immune to unholy pain and torment.
You can survive without breathing.


Message History

The magic dart hits you!
A magic dart appears from out of thin air!
The magic dart hits you!
A puff of flame appears from out of thin air!
The puff of flame hits you! The fire burns you terribly!
A puff of frost appears from out of thin air!
The puff of frost hits you!
A puff of flame appears from out of thin air!
The puff of flame hits you! The fire burns you terribly!
You hear some strange, mumbled words.
A puff of frost appears from out of thin air!
The puff of frost misses you.
As you read the scroll of teleportation, it crumbles to dust.
You feel strangely unstable.
Things that are here:
a ration; a scale mail You hear some strange, mumbled words.
A puff of flame appears from out of thin air!
The puff of flame hits you! The fire burns you terribly!
You die...

#(###.#.############
........# #.###.### #.#
#.# ..# #.# ### #[# #[#
#(# ######### #.#
#....%@.#######
#####.#####.#####.......#
............# #.#####.#
###.....##### #.###
##...## #...# ##.## #.#.#
#.# #.#.# #.# #[#.###.#
##'## #.......#


There were no monsters in sight!

Vanquished Creatures
  Prince Ribbit (D:7)
  2 orc warriors
  A necrophage (D:6)
  2 centaurs
  2 scorpions
  2 howler monkeys
  2 orc priests (D:7)
  A centaur skeleton (D:3)
  2 iguanas
  3 orc wizards
  3 worker ants
  4 gnolls
  6 adders
  3 shadow imps
  An adder skeleton (D:4)
  5 worms
  A dart slug (D:1)
  5 leopard geckos
  8 orcs
  10 bats
  5 giant cockroaches
  12 goblins
  7 hobgoblins
  10 jackals
  6 kobolds
  A ball python (D:3)
  2 frilled lizards (D:3)
  A quokka skeleton (D:6)
  15 rats
123 creatures vanquished.

Vanquished Creatures (collateral kills)
  An ogre (D:4)
  A bullfrog (D:7)
  A howler monkey (D:4)
  A hound (D:7)
  A worker ant (D:7)
  An orc wizard (D:7)
  A gnoll (D:5)
  2 worms
  A dart slug (D:1)
  3 leopard geckos
  An orc (D:3)
  A bat (D:2)
  A giant cockroach (D:3)
  A hobgoblin (D:3)
  A jackal (D:2)
  A frilled lizard (D:3)
  A goblin (D:3)
  A rat (D:2)
21 creatures vanquished.

Vanquished Creatures (others)
  An orc (D:7)
1 creature vanquished.

Grand Total: 145 creatures vanquished

Notes
Turn   | Place    | Note
-------+----------+-------------------------------------------
     0 | D:1      | zultag the Mummy Necromancer began the quest for the Orb.
     0 | D:1      | Reached XP level 1. HP: 13/13 MP: 4/4
    44 | D:1      | Learned a level 1 spell: Animate Skeleton
   149 | D:1      | Reached skill level 3 in Spellcasting
   149 | D:1      | Reached XP level 2. HP: 15/19 MP: 0/6
   891 | D:1      | Reached XP level 3. HP: 24/24 MP: 6/8
  1227 | D:2      | Found a glowing golden altar of the Shining One.
  1519 | D:1      | Upgraded the game from 0.22.0-32-gbc6daba to 0.22.0-36-g8e74550
  1581 | D:1      | Reached XP level 4. HP: 18/30 MP: 7/9
  1824 | D:2      | Learned a level 4 spell: Animate Dead
  2306 | D:2      | Reached skill level 4 in Spellcasting
  2427 | D:2      | Reached skill level 5 in Necromancy
  3043 | D:3      | Learned a level 3 spell: Vampiric Draining
  3141 | D:3      | Reached XP level 5. HP: 22/35 MP: 6/11
  3743 | D:3      | Found a sacrificial altar of Ru.
  4137 | D:4      | Found an opulent altar of Gozag.
  4137 | D:4      | Noticed an ogre
  4283 | D:4      | Reached XP level 6. HP: 41/41 MP: 9/13
  4367 | D:4      | Noticed a moth of wrath
  4369 | D:4      | Found a bloodstained altar of Trog.
  4580 | D:4      | Reached skill level 5 in Spellcasting
  4653 | D:4      | Found an ornate altar of the Wu Jian Council.
  4662 | D:4      | Reached skill level 1 in Armour
  4786 | D:4      | Found a blossoming altar of Fedhas.
  4788 | D:4      | Found a glowing silver altar of Zin.
  4839 | D:4      | Reached skill level 6 in Spellcasting
  4994 | D:4      | Found a sparkling altar of Nemelex Xobeh.
  5348 | D:5      | Entered Level 5 of the Dungeon
  5355 | D:5      | Found a shadowy altar of Dithmenos.
  5425 | D:5      | Reached XP level 7. HP: 44/47 MP: 16/16
  5547 | D:5      | You fall through a shaft!
  5551 | D:6      | Found Tatiumi's Weapon Boutique.
  6420 | D:6      | Found an iron altar of Okawaru.
  6493 | D:6      | Found a stormy altar of Qazlal.
  7508 | D:7      | Found a radiant altar of Vehumet.
  7650 | D:7      | Reached skill level 7 in Spellcasting
  7666 | D:7      | Noticed Prince Ribbit
  7925 | D:7      | Killed Prince Ribbit
  7925 | D:7      | Reached skill level 1 in Fighting
  7925 | D:7      | Reached skill level 1 in Crossbows
  7925 | D:7      | Reached XP level 8. HP: 37/54 MP: 16/19
  8679 | D:7      | Reached skill level 8 in Spellcasting
  8728 | D:7      | Killed from afar by an orc wizard

Skill      XL: |  1  2  3  4  5  6  7  8 |
---------------+-------------------------+-----
Spellcasting   | 3 4 6 7 8 |  8.0
Necromancy     | 5 6 7 |  7.0
Armour         | 1 2 |  2.9
Dodging        | 2 |  2.1
Fighting       | 1 |  1.3
Crossbows      | 1 2 |  2.0
Stealth        | 2 |  2.0
Short Blades   | |  0.7
Axes           | |  0.1
Maces & Flails | |  0.5
Polearms       | |  0.3
Evocations     | |  0.8

Action                   |  1- 3 |  4- 6 |  7- 9 || total
-------------------------+-------+-------+-------++-------
Melee: Mace              |    39 |       |       ||    39
       Dagger            |    30 |    81 |     4 ||   115
       Great mace        |       |       |    35 ||    35
       Spear             |       |       |     3 ||     3
       Hand axe          |       |       |     1 ||     1
       Trident           |       |       |    10 ||    10
 Fire: Hand crossbow     |       |     3 |     7 ||    10
       Arbalest          |       |       |    27 ||    27
       Shortbow          |       |       |     1 ||     1
 Cast: Pain              |    53 |    73 |       ||   126
       Animate Skeleton  |    15 |       |       ||    15
       Animate Dead      |       |    28 |    18 ||    46
       Vampiric Draining |       |     5 |    17 ||    22
Evoke: Wand              |       |     6 |    15 ||    21
  Use: Scroll            |       |     9 |     8 ||    17
 Stab: Distracted        |       |     1 |       ||     1
Armor: Robe              |     4 |       |       ||     4
       Leather armour    |    19 |    26 |     3 ||    48
       Ring mail         |       |       |    35 ||    35
Dodge: Dodged            |    57 |    44 |    58 ||   159
